Devils vs Stars

Created - March 31, 2022 at 19:43

Goals
1 2 3 T
Devils 0 2 0 2
Stars 2 1 0 3
Shots
1 2 3 T
Devils 8 5 11 24
Stars 6 8 7 21

1st period

1. Stars , Evgeny Grachev 13 (Jussi Jokinen 23) at 15:28
2. Stars , Michael Grabner 14 (John Tavares 38) at 18:42

Penalties :
Cam Atkinson (Dal) for Hooking (Minor) at 13:27

2nd period

3. Stars , Jeremy Morin 6 (Scott Kosmachuck 5, Evgeny Kuznetsov 11) at 3:13
4. Devils , Zach Parise 9 (Brian McGrattan 11, Thomas Hickey 7) at 7:00
5. Devils , Kristopher Letang 10 (Marek Svatos 10, Jonathan Huberdeau 16) at 14:03 (PP)

Penalties :
Mark Fistric (N.J) for Roughing (Minor) at 1:01, Zach Parise (N.J) for Cross-checking (Minor) at 9:27, Boris Valabik (Dal) for Roughing (Minor) at 13:25

3rd period

No Goal

Penalties :
Boris Valabik (Dal) for Interference (Minor) at 1:15, Nazem Kadri (N.J) for Holding (Minor) at 1:21, Paul Ladue (Dal) for Holding (Minor) at 3:44, Cam Atkinson (Dal) for Holding (Minor) at 17:26

Goalie Stats

Thomas McCollum (N.J), 18 saves from 21 shots - (0.857), L, 6-5-0, 60:00 minutes
Matt Murray (Dal), 22 saves from 24 shots - (0.917), W, 20-16-3, 60:00 minutes

Players Stats for Devils

Player Name              G  A  P  +/- PIM S  H  SB GA TA FO     MP     PP MP  PK MP  
------------------------------------------------------------------------------------
Aleksander Barkov        0  0  0  -1  0   1  2  1  0  0  7/13   17:00   3:06   0:44 
Anton Lander             0  0  0  -1  0   0  2  0  1  0  0/0     7:59   0:00   0:41 
Anton Stralman           0  0  0  -1  0   0  4  1  0  0  0/0    23:13   2:39   2:19 
Brian McGrattan          0  1  1  -1  0   1  3  1  0  1  0/0    13:57   0:00   0:41 
Eric Tangradi            0  0  0   0  0   1  1  1  0  0  0/0     9:26   0:00   1:25 
Jamie Arniel             0  0  0   0  0   0  1  0  0  0  4/8    15:15   0:00   2:04 
Jonathan Huberdeau       0  1  1  -1  0   5  2  0  0  0  1/1    17:36   3:06   0:33 
Kristopher Letang        1  0  1  -1  0   1  3  1  0  2  0/0    22:47   3:59   0:52 
Marek Svatos             0  1  1  -1  0   1  1  0  0  0  1/4    17:06   3:06   0:00 
Marian Gaborik           0  0  0   0  0   1  1  1  2  0  1/1    16:36   3:35   0:00 
Mark Fistric             0  0  0   0  2   3  2  0  1  0  0/0    18:41   0:36   0:53 
Matt Donovan             0  0  0  -2  0   0  1  1  0  0  0/0    16:38   0:00   2:19 
Michael Del Zotto        0  0  0   0  0   3  2  0  0  1  0/0    22:29   3:26   1:45 
Miikka Salomaki          0  0  0   0  0   1  0  0  0  0  0/0     6:55   0:00   0:00 
Nazem Kadri              0  0  0   0  2   3  0  0  2  1  16/22  17:37   3:34   0:00 
Thomas Hickey            0  1  1  -1  0   0  0  0  1  0  0/0    16:24   2:42   0:00 
Tyler Ennis              0  0  0   0  0   0  4  0  1  0  0/0    19:27   3:29   1:01 
Zach Parise              1  0  1   0  2   3  2  0  0  0  1/1    14:54   0:06   0:59 

Players Stats for Stars

Player Name              G  A  P  +/- PIM S  H  SB GA TA FO     MP     PP MP  PK MP  
------------------------------------------------------------------------------------
Alex Chiasson            0  0  0  -1  0   0  3  0  0  1  0/0    16:11   2:13   1:27 
Andrej Sustr             0  0  0   1  0   1  0  0  2  2  0/0    21:42   1:55   2:43 
Andrew Ladd              0  0  0   0  0   0  2  0  0  0  0/0    12:56   0:00   1:14 
Boris Valabik            0  0  0   1  4   0  1  1  0  1  0/0    21:05   1:55   2:43 
Brian Lee                0  0  0   0  0   1  1  1  1  1  0/0    27:11   2:09   3:58 
Cam Atkinson             0  0  0   1  4   0  1  0  0  0  0/0    10:40   0:00   0:00 
Cory Emmerton            0  0  0   0  0   0  0  0  0  1  1/2    10:32   0:00   0:00 
Evgeny Grachev           1  0  1   0  0   4  1  2  0  0  4/12   16:52   2:13   1:39 
Evgeny Kuznetsov         0  1  1   1  0   1  0  1  0  0  1/4     8:24   0:00   0:00 
Guillaume Latendresse    0  0  0   1  0   3  3  0  0  0  1/2    22:02   1:51   3:43 
Ian White                0  0  0   0  0   2  1  0  0  0  0/0    27:11   2:09   3:58 
Jeremy Morin             1  0  1   1  0   3  1  0  0  1  0/0     8:24   0:00   0:00 
John Tavares             0  1  1   1  0   2  1  0  0  0  10/28  22:30   1:51   3:40 
Jussi Jokinen            0  1  1   0  0   1  3  1  1  1  1/1    16:33   2:13   1:39 
Michael Grabner          1  0  1   1  0   2  0  0  0  0  1/1    17:46   1:51   0:00 
Paul Ladue               0  0  0   1  2   0  1  1  0  0  0/0    11:51   0:00   0:00 
Scott Kosmachuck         0  1  1   1  0   1  1  0  0  0  0/0     8:24   0:00   0:00 
Tyson Barrie             0  0  0   1  0   0  0  2  1  0  0/0    11:07   0:00   0:00 

3 Stars

1 - Jeremy Morin (Dal)
2 - Michael Grabner (Dal)
3 - Evgeny Grachev (Dal)

Power Play

Devils - 1 on 5 Attempt(s) - 20.00%
Stars - 0 on 3 Attempt(s) - 0.00%

Penalty Kill

Devils - 3 on 3 Attempt(s) - 100.00% - Score 0 goal in Penalty Kill
Stars - 4 on 5 Attempt(s) - 80.00% - Score 0 goal in Penalty Kill

Team Stat

Devils - Hits : 31 - Faceoff Wins : 31 - Blocked Shots : 7 - Penalty Minutes : 6
Stars - Hits : 20 - Faceoff Wins : 19 - Blocked Shots : 9 - Penalty Minutes : 10

Official

Referees : Brandon Schrader and Chris Lee
Linesman : Derek Amell and Kiel Murchison

Game Notes

No Game Note

Finance

Level 1 -- Attendance: 6000 (100.00%) -- Ticket Income $600,000
Level 2 -- Attendance: 5000 (100.00%) -- Ticket Income $300,000
Level 3 -- Attendance: 1886 (94.30%) -- Ticket Income $66,010
Level 4 -- Attendance: 4000 (100.00%) -- Ticket Income $100,000
Luxury Box -- Attendance: 999 (99.90%) -- Ticket Income $199,800
Game was played at the American Airlines Center.
Total Attendance: 17885 (99.36%)
Total Ticket Income: $1,265,810
Other Income: $189,872
Total Income: $1,455,682

Devils

5 vs 5 Forward 
   Center                   Left Wing                Right Wing               Time % Phy DF OF 
 1 Nazem Kadri              Tyler Ennis              Marek Svatos             32     0   2  3  
 2 Jamie Arniel             Jonathan Huberdeau       Marian Gaborik           30     0   2  3  
 3 Aleksander Barkov        Zach Parise              Brian McGrattan          28     0   2  3  
 4 Anton Lander             Eric Tangradi            Miikka Salomaki          10     0   2  3  

5 vs 5 Defense 
   Defense                  Defense                                           Time % Phy DF OF 
 1 Anton Stralman           Kristopher Letang                                 38     0   3  2  
 2 Michael Del Zotto        Mark Fistric                                      34     0   3  2  
 3 Matt Donovan             Thomas Hickey                                     28     0   3  2  
 4 Anton Stralman           Kristopher Letang                                 0      0   3  2  

PowerPlay Forward 
   Center                   Left Wing                Right Wing               Time % Phy DF OF 
 1 Nazem Kadri              Tyler Ennis              Marian Gaborik           60     0   1  4  
 2 Aleksander Barkov        Jonathan Huberdeau       Marek Svatos             40     0   1  4  

PowerPlay Defense
   Defense                  Defense                                           Time % Phy DF OF 
 1 Michael Del Zotto        Kristopher Letang                                 60     0   2  3  
 2 Anton Stralman           Thomas Hickey                                     40     0   2  3  

Penalty Kill 4 Players Forward 
   Center                   Wing                     Time % Phy DF OF 
 1 Jamie Arniel             Zach Parise              60     1   4  0  
 2 Anton Lander             Brian McGrattan          40     1   4  0  

Penalty Kill 4 Players Defense
   Defense                  Defense                  Time % Phy DF OF 
 1 Anton Stralman           Matt Donovan             60     1   4  0  
 2 Mark Fistric             Michael Del Zotto        40     1   4  0  

Penalty Kill - 3 Players Forward 
   Forward                                           Time % Phy DF OF 
 1 Tyler Ennis                                       60     0   4  1  
 2 Jamie Arniel                                      40     0   4  1  

Penalty Kill - 3 Players Defense
   Defense                  Defense                  Time % Phy DF OF 
 1 Anton Stralman           Kristopher Letang        60     1   4  0  
 2 Michael Del Zotto        Mark Fistric             40     1   4  0  

4 vs 4 Forward 
   Center                   Wing                     Time % Phy DF OF 
 1 Nazem Kadri              Tyler Ennis              60     0   2  3  
 2 Jamie Arniel             Zach Parise              40     0   2  3  

4 vs 4 Defense
   Defense                  Defense                  Time % Phy DF OF 
 1 Anton Stralman           Kristopher Letang        60     0   3  2  
 2 Michael Del Zotto        Mark Fistric             40     0   3  2  

Last Minutes Offensive
   Center                   Left Wing                Right Wing               Defense                  Defense                  
   Nazem Kadri              Tyler Ennis              Marian Gaborik           Michael Del Zotto        Kristopher Letang        

Last Minutes Defensive
   Center                   Left Wing                Right Wing               Defense                  Defense                  
   Jamie Arniel             Zach Parise              Brian McGrattan          Anton Stralman           Mark Fistric             

Goaltenders
Starting : Thomas McCollum          
Backup : Maxime Daigneault        

Extra Forwards
Normal : Jonathan Huberdeau, Zach Parise, Aleksander Barkov - PP : Zach Parise, Jamie Arniel - PK : Tyler Ennis
Extra Defensemen
Normal : Kristopher Letang, Matt Donovan, Mark Fistric - PP : Anton Stralman - PK : Kristopher Letang, Matt Donovan
Penalty Shots
Nazem Kadri, Tyler Ennis, Marian Gaborik, Aleksander Barkov, Jamie Arniel

Scratches
Chris Stewart (Healthy), Mike Weber (Healthy)

Stars

5 vs 5 Forward 
   Center                   Left Wing                Right Wing               Time % Phy DF OF 
 1 John Tavares             Guillaume Latendresse    Michael Grabner          40     1   2  2  
 2 Evgeny Grachev           Jussi Jokinen            Alex Chiasson            30     1   2  2  
 3 Cory Emmerton            Andrew Ladd              Cam Atkinson             20     1   2  2  
 4 Evgeny Kuznetsov         Jeremy Morin             Scott Kosmachuck         10     1   2  2  

5 vs 5 Defense 
   Defense                  Defense                                           Time % Phy DF OF 
 1 Ian White                Brian Lee                                         40     1   2  2  
 2 Boris Valabik            Andrej Sustr                                      30     1   2  2  
 3 Paul Ladue               Tyson Barrie                                      20     1   2  2  
 4 Ian White                Brian Lee                                         10     1   2  2  

PowerPlay Forward 
   Center                   Left Wing                Right Wing               Time % Phy DF OF 
 1 John Tavares             Guillaume Latendresse    Michael Grabner          60     0   2  3  
 2 Evgeny Grachev           Jussi Jokinen            Alex Chiasson            40     0   2  3  

PowerPlay Defense
   Defense                  Defense                                           Time % Phy DF OF 
 1 Ian White                Brian Lee                                         60     0   2  3  
 2 Boris Valabik            Andrej Sustr                                      40     0   2  3  

Penalty Kill 4 Players Forward 
   Center                   Wing                     Time % Phy DF OF 
 1 John Tavares             Guillaume Latendresse    60     0   3  2  
 2 Evgeny Grachev           Jussi Jokinen            40     0   3  2  

Penalty Kill 4 Players Defense
   Defense                  Defense                  Time % Phy DF OF 
 1 Ian White                Brian Lee                60     0   3  2  
 2 Boris Valabik            Andrej Sustr             40     0   3  2  

Penalty Kill - 3 Players Forward 
   Forward                                           Time % Phy DF OF 
 1 John Tavares                                      60     0   3  2  
 2 Evgeny Grachev                                    40     0   3  2  

Penalty Kill - 3 Players Defense
   Defense                  Defense                  Time % Phy DF OF 
 1 Ian White                Brian Lee                60     0   3  2  
 2 Boris Valabik            Andrej Sustr             40     0   3  2  

4 vs 4 Forward 
   Center                   Wing                     Time % Phy DF OF 
 1 John Tavares             Guillaume Latendresse    60     0   2  3  
 2 Evgeny Grachev           Jussi Jokinen            40     0   2  3  

4 vs 4 Defense
   Defense                  Defense                  Time % Phy DF OF 
 1 Ian White                Brian Lee                60     1   2  2  
 2 Boris Valabik            Andrej Sustr             40     1   2  2  

Last Minutes Offensive
   Center                   Left Wing                Right Wing               Defense                  Defense                  
   John Tavares             Guillaume Latendresse    Michael Grabner          Ian White                Brian Lee                

Last Minutes Defensive
   Center                   Left Wing                Right Wing               Defense                  Defense                  
   John Tavares             Guillaume Latendresse    Michael Grabner          Ian White                Brian Lee                

Goaltenders
Starting : Matt Murray              
Backup : Braden Holtby            

Extra Forwards
Normal : Alex Chiasson, Andrew Ladd, Evgeny Grachev - PP : Alex Chiasson, Andrew Ladd - PK : Alex Chiasson
Extra Defensemen
Normal : Andrej Sustr, Paul Ladue, Tyson Barrie - PP : Andrej Sustr - PK : Andrej Sustr, Paul Ladue
Penalty Shots
John Tavares, Guillaume Latendresse, Michael Grabner, Jussi Jokinen, Alex Chiasson

Scratches
Tyler Brenner (Healthy)

% Time on Ice - Devils

Lines # - Real PCT - Wanted PCT - Time Play
Normal Forward
1 - 30% - 32% - 14:03
2 - 29% - 30% - 13:31
3 - 26% - 28% - 12:24
4 - 15% - 10% - 6:55
Normal Defense
1 - 38% - 38% - 17:54
2 - 34% - 34% - 15:46
3 - 28% - 28% - 13:13
4 - 0% - 0% - 0:00
PP Forward
1 - 54% - 60% - 3:35
2 - 46% - 40% - 3:06
PP Defense
1 - 60% - 60% - 3:59
2 - 40% - 40% - 2:42
PK Forward
1 - 83% - 60% - 3:23
2 - 17% - 40% - 0:41
PK Defense
1 - 57% - 60% - 2:19
2 - 43% - 40% - 1:45
PK3 Forward
1 - 0% - 60%
2 - 0% - 40%
PK3 Defense
1 - 0% - 60%
2 - 0% - 40%
44 Forward
1 - 100% - 60% - 1:53
2 - 0% - 40% - 0:00
44 Defense
1 - 35% - 60% - 0:39
2 - 65% - 40% - 1:14
Last Minute Offensive  - 0:29
Last Minute Defensive  - 0:00
Total
Forward - 60:00
Defense - 60:00

% Time on Ice - Stars

Lines # - Real PCT - Wanted PCT - Time Play
Normal Forward
1 - 34% - 40% - 15:53
2 - 26% - 30% - 12:07
3 - 22% - 20% - 10:32
4 - 18% - 10% - 8:24
Normal Defense
1 - 39% - 40% - 18:10
2 - 35% - 30% - 16:29
3 - 23% - 20% - 10:41
4 - 3% - 10% - 1:36
PP Forward
1 - 45% - 60% - 1:51
2 - 55% - 40% - 2:13
PP Defense
1 - 53% - 60% - 2:09
2 - 47% - 40% - 1:55
PK Forward
1 - 75% - 60% - 5:02
2 - 25% - 40% - 1:39
PK Defense
1 - 59% - 60% - 3:58
2 - 41% - 40% - 2:43
PK3 Forward
1 - 0% - 60%
2 - 0% - 40%
PK3 Defense
1 - 0% - 60%
2 - 0% - 40%
44 Forward
1 - 70% - 60% - 1:19
2 - 30% - 40% - 0:34
44 Defense
1 - 69% - 60% - 1:18
2 - 31% - 40% - 0:35
Last Minute Offensive  - 0:00
Last Minute Defensive  - 0:26
Total
Forward - 60:00
Defense - 60:00

Play-by-Play

1st period


0:01 of 1st period - Michael Grabner wins face-off versus Marek Svatos in neutral zone.
3:07 of 1st period - Snap shot by Eric Tangradi.
3:07 of 1st period - Stopped by Matt Murray with a rebound.
3:09 of 1st period - Slapshot by Mark Fistric.
3:09 of 1st period - Stopped by Matt Murray without a rebound.
3:10 of 1st period - Aleksander Barkov wins face-off versus Evgeny Grachev in Stars zone.
3:22 of 1st period - Wrist shot by Aleksander Barkov.
3:22 of 1st period - Shot Blocked by Evgeny Grachev.
3:36 of 1st period - Thomas Hickey is hit by Guillaume Latendresse.
4:17 of 1st period - Wrist shot by Evgeny Grachev.
4:17 of 1st period - Stopped by Thomas McCollum without a rebound.
4:18 of 1st period - Evgeny Grachev wins face-off versus Aleksander Barkov in Devils zone.
4:33 of 1st period - Wrist shot by Zach Parise.
4:33 of 1st period - Shot Blocked by Evgeny Grachev.
4:45 of 1st period - Snap shot by Jonathan Huberdeau.
4:45 of 1st period - Stopped by Matt Murray without a rebound.
4:46 of 1st period - Marian Gaborik wins face-off versus John Tavares in Stars zone.
4:47 of 1st period - Wrist shot by Jonathan Huberdeau.
4:47 of 1st period - Deflect By Marian Gaborik.
4:47 of 1st period - Shot Hit the Post.
4:47 of 1st period - Puck is out of play.
4:48 of 1st period - John Tavares wins face-off versus Jamie Arniel in Stars zone.
5:57 of 1st period - John Tavares is hit by Jonathan Huberdeau and loses puck.
6:28 of 1st period - Snap shot by Jonathan Huberdeau.
6:28 of 1st period - Shot Hit the Post.
6:56 of 1st period - Snap shot by Jonathan Huberdeau.
6:56 of 1st period - Shot Hit the Post.
6:58 of 1st period - Snap shot by Marian Gaborik.
6:58 of 1st period - Deflect By Jonathan Huberdeau.
6:58 of 1st period - Shot Misses the Net.
6:58 of 1st period - Puck is out of play.
6:59 of 1st period - Evgeny Grachev wins face-off versus Nazem Kadri in Stars zone.
6:59 of 1st period - Evgeny Grachev is hit by Tyler Ennis.
7:30 of 1st period - Cam Atkinson is hit by Zach Parise.
7:57 of 1st period - Snap shot by Anton Lander.
7:57 of 1st period - Deflect By Miikka Salomaki.
7:57 of 1st period - Stopped by Matt Murray with a rebound.
8:07 of 1st period - Tyler Ennis is hit by Jussi Jokinen.
8:29 of 1st period - Boris Valabik is hit by Aleksander Barkov.
8:43 of 1st period - Brian Lee is hit by Anton Lander and loses puck.
9:04 of 1st period - Aleksander Barkov is hit by Alex Chiasson and loses puck.
9:15 of 1st period - Boris Valabik is hit by Anton Lander and loses puck.
11:24 of 1st period - Icing by Mark Fistric.
11:25 of 1st period - Evgeny Kuznetsov wins face-off versus Jamie Arniel in Devils zone.
11:42 of 1st period - Aleksander Barkov is hit by Boris Valabik and loses puck.
12:18 of 1st period - Slapshot by Aleksander Barkov.
12:18 of 1st period - Deflect By Brian McGrattan.
12:18 of 1st period - Stopped by Matt Murray without a rebound.
12:19 of 1st period - Nazem Kadri wins face-off versus John Tavares in Stars zone.
13:27 of 1st period - Minor Penalty to Cam Atkinson for Hooking.
13:28 of 1st period - Nazem Kadri wins face-off versus John Tavares in Stars zone.
13:29 of 1st period - Snap shot by Marian Gaborik.
13:29 of 1st period - Shot Misses the Net.
14:03 of 1st period - Brian Lee is hit by Marek Svatos and loses puck.
15:24 of 1st period - Icing by Aleksander Barkov.
15:25 of 1st period - Evgeny Grachev wins face-off versus Aleksander Barkov in Devils zone.
15:27 of 1st period - Penalty to Cam Atkinson is over, Cam Atkinson is back on ice.
15:28 of 1st period - Snap shot by Evgeny Grachev.
15:28 of 1st period - Goal by Evgeny Grachev - Devils : 0 - Stars : 1.
15:29 of 1st period - Nazem Kadri wins face-off versus John Tavares in neutral zone.
15:55 of 1st period - Guillaume Latendresse is hit by Marian Gaborik and loses puck.
16:06 of 1st period - Slapshot by Ian White.
16:06 of 1st period - Stopped by Thomas McCollum without a rebound.
16:07 of 1st period - Nazem Kadri wins face-off versus Evgeny Grachev in Devils zone.
16:07 of 1st period - Nazem Kadri is hit by Jussi Jokinen.
16:15 of 1st period - Wrist shot by Nazem Kadri.
16:15 of 1st period - Stopped by Matt Murray without a rebound.
16:16 of 1st period - Nazem Kadri wins face-off versus Evgeny Grachev in Stars zone.
16:23 of 1st period - Snap shot by Nazem Kadri.
16:23 of 1st period - Stopped by Matt Murray with a rebound.
16:25 of 1st period - Wrist shot by Mark Fistric.
16:25 of 1st period - Stopped by Matt Murray without a rebound.
16:26 of 1st period - Nazem Kadri wins face-off versus John Tavares in Stars zone.
17:25 of 1st period - Wrist shot by Andrew Ladd.
17:25 of 1st period - Shot Misses the Net.
17:27 of 1st period - Slapshot by Andrej Sustr.
17:27 of 1st period - Stopped by Thomas McCollum with a rebound.
18:01 of 1st period - Scott Kosmachuck is hit by Michael Del Zotto and loses puck.
18:26 of 1st period - Snap shot by Marian Gaborik.
18:26 of 1st period - Deflect By Jonathan Huberdeau.
18:26 of 1st period - Shot Blocked by Evgeny Kuznetsov.
18:26 of 1st period - Puck is out of play.
18:27 of 1st period - Marek Svatos wins face-off versus John Tavares in Stars zone.
18:30 of 1st period - Snap shot by Tyler Ennis.
18:30 of 1st period - Shot Blocked by Brian Lee.
18:40 of 1st period - Snap shot by Brian Lee.
18:40 of 1st period - Deflect By Thomas Hickey.
18:40 of 1st period - Stopped by Thomas McCollum without a rebound.
18:41 of 1st period - John Tavares wins face-off versus Aleksander Barkov in Devils zone.
18:42 of 1st period - Wrist shot by Michael Grabner.
18:42 of 1st period - Goal by Michael Grabner - Devils : 0 - Stars : 2.
18:43 of 1st period - Nazem Kadri wins face-off versus John Tavares in neutral zone.
Goals for this period are 0 for Devils vs 2 for Stars.
Shots for this period are 8 for Devils vs 6 for Stars.

2nd period


0:01 of 2nd period - Nazem Kadri wins face-off versus John Tavares in neutral zone.
0:11 of 2nd period - Tyler Ennis is hit by Ian White and loses puck.
0:56 of 2nd period - Slapshot by Ian White.
0:56 of 2nd period - Deflect By Zach Parise.
0:56 of 2nd period - Stopped by Thomas McCollum with a rebound.
1:01 of 2nd period - Minor Penalty to Mark Fistric for Roughing.
1:02 of 2nd period - Jamie Arniel wins face-off versus Evgeny Grachev in Devils zone.
3:01 of 2nd period - Penalty to Mark Fistric is over, Mark Fistric is back on ice.
3:13 of 2nd period - Snap shot by Scott Kosmachuck.
3:13 of 2nd period - Deflect By Jeremy Morin.
3:13 of 2nd period - Goal by Jeremy Morin - Devils : 0 - Stars : 3.
3:14 of 2nd period - John Tavares wins face-off versus Nazem Kadri in neutral zone.
3:39 of 2nd period - Icing by Tyler Ennis.
3:40 of 2nd period - Nazem Kadri wins face-off versus Evgeny Grachev in Devils zone.
4:52 of 2nd period - Off-side.
4:53 of 2nd period - John Tavares wins face-off versus Aleksander Barkov in neutral zone.
5:20 of 2nd period - Anton Stralman is hit by Alex Chiasson and loses puck.
5:31 of 2nd period - Snap shot by Jonathan Huberdeau.
5:31 of 2nd period - Shot Blocked by Tyson Barrie.
6:11 of 2nd period - Snap shot by Michael Grabner.
6:11 of 2nd period - Stopped by Thomas McCollum with a rebound.
6:13 of 2nd period - Snap shot by John Tavares.
6:13 of 2nd period - Stopped by Thomas McCollum with a rebound.
6:15 of 2nd period - Backhand shot by Michael Grabner.
6:15 of 2nd period - Shot Misses the Net.
6:17 of 2nd period - Wrist shot by John Tavares.
6:17 of 2nd period - Shot Misses the Net.
6:53 of 2nd period - Brian Lee is hit by Matt Donovan and loses puck.
6:58 of 2nd period - Wrist shot by Brian McGrattan.
6:58 of 2nd period - Shot Misses the Net.
7:00 of 2nd period - Slapshot by Zach Parise.
7:00 of 2nd period - Goal by Zach Parise - Devils : 1 - Stars : 3.
7:01 of 2nd period - Aleksander Barkov wins face-off versus John Tavares in neutral zone.
7:12 of 2nd period - Brian Lee is hit by Zach Parise and loses puck.
7:26 of 2nd period - Icing by Zach Parise.
7:27 of 2nd period - Aleksander Barkov wins face-off versus Evgeny Grachev in Devils zone.
9:14 of 2nd period - Wrist shot by Scott Kosmachuck.
9:14 of 2nd period - Stopped by Thomas McCollum without a rebound.
9:15 of 2nd period - John Tavares wins face-off versus Aleksander Barkov in Devils zone.
9:27 of 2nd period - Minor Penalty to Zach Parise for Cross-checking.
9:28 of 2nd period - Jamie Arniel wins face-off versus John Tavares in Devils zone.
9:56 of 2nd period - Matt Donovan is hit by Jussi Jokinen and loses puck.
10:07 of 2nd period - Slapshot by Jussi Jokinen.
10:07 of 2nd period - Shot Blocked by Matt Donovan.
11:27 of 2nd period - Penalty to Zach Parise is over, Zach Parise is back on ice.
11:42 of 2nd period - Nazem Kadri is hit by Cam Atkinson and loses puck.
11:58 of 2nd period - Off-side.
11:59 of 2nd period - Aleksander Barkov wins face-off versus Evgeny Kuznetsov in neutral zone.
12:02 of 2nd period - Tyson Barrie is hit by Aleksander Barkov and loses puck.
12:07 of 2nd period - Slapshot by Aleksander Barkov.
12:07 of 2nd period - Shot Misses the Net.
12:09 of 2nd period - Snap shot by Brian McGrattan.
12:09 of 2nd period - Shot Blocked by Paul Ladue.
12:11 of 2nd period - Wrist shot by Zach Parise.
12:11 of 2nd period - Shot Misses the Net.
12:25 of 2nd period - Guillaume Latendresse is hit by Tyler Ennis and loses puck.
13:25 of 2nd period - Minor Penalty to Boris Valabik for Roughing.
13:26 of 2nd period - John Tavares wins face-off versus Nazem Kadri in Stars zone.
13:26 of 2nd period - John Tavares is hit by Kristopher Letang.
13:59 of 2nd period - Wrist shot by Jonathan Huberdeau.
13:59 of 2nd period - Stopped by Matt Murray with a rebound.
14:01 of 2nd period - Snap shot by Marek Svatos.
14:01 of 2nd period - Shot Misses the Net.
14:03 of 2nd period - Slapshot by Kristopher Letang.
14:03 of 2nd period - Goal by Kristopher Letang - Devils : 2 - Stars : 3.
14:04 of 2nd period - Evgeny Grachev wins face-off versus Aleksander Barkov in neutral zone.
15:35 of 2nd period - Wrist shot by Zach Parise.
15:35 of 2nd period - Stopped by Matt Murray with a rebound.
16:19 of 2nd period - Andrej Sustr is hit by Jonathan Huberdeau and loses puck.
16:46 of 2nd period - Mark Fistric is hit by Scott Kosmachuck.
17:28 of 2nd period - Slapshot by Guillaume Latendresse.
17:28 of 2nd period - Stopped by Thomas McCollum with a rebound.
17:42 of 2nd period - Kristopher Letang is hit by Paul Ladue and loses puck.
18:28 of 2nd period - Snap shot by Jonathan Huberdeau.
18:28 of 2nd period - Stopped by Matt Murray with a rebound.
18:30 of 2nd period - Backhand shot by Marian Gaborik.
18:30 of 2nd period - Shot Blocked by Jussi Jokinen.
18:37 of 2nd period - Icing by Boris Valabik.
18:38 of 2nd period - Zach Parise wins face-off versus John Tavares in Stars zone.
18:47 of 2nd period - Snap shot by Guillaume Latendresse.
18:47 of 2nd period - Stopped by Thomas McCollum with a rebound.
18:49 of 2nd period - Slapshot by Guillaume Latendresse.
18:49 of 2nd period - Stopped by Thomas McCollum without a rebound.
18:50 of 2nd period - Nazem Kadri wins face-off versus John Tavares in Devils zone.
18:50 of 2nd period - Nazem Kadri is hit by Guillaume Latendresse.
19:02 of 2nd period - Snap shot by Tyler Ennis.
19:02 of 2nd period - Shot Misses the Net.
19:16 of 2nd period - Aleksander Barkov is hit by Alex Chiasson and loses puck.
19:37 of 2nd period - Snap shot by Michael Del Zotto.
19:37 of 2nd period - Shot Misses the Net.
Goals for this period are 2 for Devils vs 1 for Stars.
Shots for this period are 5 for Devils vs 8 for Stars.

3rd period


0:01 of 3rd period - Nazem Kadri wins face-off versus Guillaume Latendresse in neutral zone.
0:04 of 3rd period - Ian White is hit by Tyler Ennis and loses puck.
0:21 of 3rd period - John Tavares is hit by Tyler Ennis and loses puck.
0:32 of 3rd period - Slapshot by Brian Lee.
0:32 of 3rd period - Shot Blocked by Anton Stralman.
0:34 of 3rd period - Slapshot by Ian White.
0:34 of 3rd period - Shot Blocked by Brian McGrattan.
0:38 of 3rd period - Snap shot by Evgeny Grachev.
0:38 of 3rd period - Shot Misses the Net.
0:40 of 3rd period - Snap shot by Alex Chiasson.
0:40 of 3rd period - Shot Blocked by Aleksander Barkov.
0:42 of 3rd period - Slapshot by Evgeny Grachev.
0:42 of 3rd period - Stopped by Thomas McCollum with a rebound.
1:02 of 3rd period - Snap shot by Jonathan Huberdeau.
1:02 of 3rd period - Stopped by Matt Murray with a rebound.
1:04 of 3rd period - Slapshot by Jamie Arniel.
1:04 of 3rd period - Shot Blocked by Tyson Barrie.
1:06 of 3rd period - Snap shot by Marian Gaborik.
1:06 of 3rd period - Stopped by Matt Murray without a rebound.
1:07 of 3rd period - Nazem Kadri wins face-off versus John Tavares in Stars zone.
1:08 of 3rd period - Wrist shot by Michael Del Zotto.
1:08 of 3rd period - Stopped by Matt Murray with a rebound.
1:10 of 3rd period - Snap shot by Michael Del Zotto.
1:10 of 3rd period - Deflect By Nazem Kadri.
1:10 of 3rd period - Stopped by Matt Murray with a rebound.
1:12 of 3rd period - Slapshot by Michael Del Zotto.
1:12 of 3rd period - Stopped by Matt Murray without a rebound.
1:13 of 3rd period - John Tavares wins face-off versus Nazem Kadri in Stars zone.
1:15 of 3rd period - Minor Penalty to Boris Valabik for Interference.
1:16 of 3rd period - Nazem Kadri wins face-off versus John Tavares in Stars zone.
1:21 of 3rd period - Minor Penalty to Nazem Kadri for Holding.
1:22 of 3rd period - Jonathan Huberdeau wins face-off versus John Tavares in Devils zone.
1:28 of 3rd period - Wrist shot by Jonathan Huberdeau.
1:28 of 3rd period - Stopped by Matt Murray with a rebound.
1:48 of 3rd period - John Tavares is hit by Kristopher Letang and loses puck.
2:30 of 3rd period - Mark Fistric is hit by Andrew Ladd and loses puck.
3:15 of 3rd period - Penalty to Boris Valabik is over, Boris Valabik is back on ice.
3:21 of 3rd period - Penalty to Nazem Kadri is over, Nazem Kadri is back on ice.
3:21 of 3rd period - Alex Chiasson is hit by Jamie Arniel and loses puck.
3:44 of 3rd period - Minor Penalty to Paul Ladue for Holding.
3:45 of 3rd period - John Tavares wins face-off versus Nazem Kadri in Stars zone.
4:42 of 3rd period - Ian White is hit by Kristopher Letang and loses puck.
5:44 of 3rd period - Penalty to Paul Ladue is over, Paul Ladue is back on ice.
5:48 of 3rd period - Eric Tangradi is hit by John Tavares.
6:45 of 3rd period - Andrej Sustr is hit by Anton Stralman and loses puck.
7:16 of 3rd period - Brian Lee is hit by Eric Tangradi and loses puck.
7:29 of 3rd period - Scott Kosmachuck is hit by Brian McGrattan and loses puck.
7:51 of 3rd period - Tyler Ennis is hit by Jeremy Morin and loses puck.
8:04 of 3rd period - Anton Stralman is hit by Guillaume Latendresse and loses puck.
9:15 of 3rd period - Wrist shot by Jussi Jokinen.
9:15 of 3rd period - Stopped by Thomas McCollum with a rebound.
9:43 of 3rd period - Tyson Barrie is hit by Anton Stralman and loses puck.
10:01 of 3rd period - Snap shot by Scott Kosmachuck.
10:01 of 3rd period - Shot Blocked by Eric Tangradi.
10:05 of 3rd period - Snap shot by Jeremy Morin.
10:05 of 3rd period - Stopped by Thomas McCollum with a rebound.
10:37 of 3rd period - Boris Valabik is hit by Anton Stralman.
10:41 of 3rd period - Cam Atkinson is hit by Mark Fistric and loses puck.
10:51 of 3rd period - Off-side.
10:52 of 3rd period - John Tavares wins face-off versus Marek Svatos in neutral zone.
10:55 of 3rd period - Slapshot by Brian Lee.
10:55 of 3rd period - Deflect By John Tavares.
10:55 of 3rd period - Stopped by Thomas McCollum without a rebound.
10:56 of 3rd period - Nazem Kadri wins face-off versus John Tavares in Devils zone.
11:01 of 3rd period - Brian Lee is hit by Michael Del Zotto.
11:13 of 3rd period - Slapshot by Nazem Kadri.
11:13 of 3rd period - Shot Misses the Net.
11:23 of 3rd period - Brian Lee is hit by Mark Fistric and loses puck.
11:36 of 3rd period - Snap shot by Marek Svatos.
11:36 of 3rd period - Stopped by Matt Murray without a rebound.
11:37 of 3rd period - Jussi Jokinen wins face-off versus Jamie Arniel in Stars zone.
12:04 of 3rd period - Cam Atkinson is hit by Brian McGrattan and loses puck.
12:29 of 3rd period - Wrist shot by Evgeny Kuznetsov.
12:29 of 3rd period - Stopped by Thomas McCollum without a rebound.
12:30 of 3rd period - Nazem Kadri wins face-off versus Evgeny Kuznetsov in Devils zone.
12:45 of 3rd period - Snap shot by Jeremy Morin.
12:45 of 3rd period - Stopped by Thomas McCollum without a rebound.
12:46 of 3rd period - Jamie Arniel wins face-off versus John Tavares in Devils zone.
12:51 of 3rd period - Slapshot by Michael Del Zotto.
12:51 of 3rd period - Deflect By John Tavares.
12:51 of 3rd period - Stopped by Matt Murray without a rebound.
12:52 of 3rd period - Jamie Arniel wins face-off versus John Tavares in Stars zone.
12:55 of 3rd period - Snap shot by Marian Gaborik.
12:55 of 3rd period - Shot Misses the Net.
13:25 of 3rd period - Snap shot by Aleksander Barkov.
13:25 of 3rd period - Deflect By Brian McGrattan.
13:25 of 3rd period - Shot Misses the Net.
13:25 of 3rd period - Puck is out of play.
13:26 of 3rd period - Aleksander Barkov wins face-off versus Evgeny Grachev in Stars zone.
13:27 of 3rd period - Snap shot by Zach Parise.
13:27 of 3rd period - Stopped by Matt Murray without a rebound.
13:28 of 3rd period - Nazem Kadri wins face-off versus Evgeny Grachev in Stars zone.
14:16 of 3rd period - Off-side.
14:17 of 3rd period - Cory Emmerton wins face-off versus Jamie Arniel in neutral zone.
14:20 of 3rd period - Kristopher Letang is hit by Andrew Ladd and loses puck.
14:31 of 3rd period - Snap shot by Andrew Ladd.
14:31 of 3rd period - Shot Blocked by Kristopher Letang.
14:33 of 3rd period - Snap shot by Andrew Ladd.
14:33 of 3rd period - Shot Misses the Net.
14:35 of 3rd period - Snap shot by Cam Atkinson.
14:35 of 3rd period - Deflect By Andrew Ladd.
14:35 of 3rd period - Shot Misses the Net.
14:35 of 3rd period - Puck is out of play.
14:36 of 3rd period - John Tavares wins face-off versus Marek Svatos in Devils zone.
15:02 of 3rd period - Brian McGrattan is hit by Brian Lee and loses puck.
15:09 of 3rd period - Slapshot by Mark Fistric.
15:09 of 3rd period - Stopped by Matt Murray with a rebound.
15:11 of 3rd period - Snap shot by Zach Parise.
15:11 of 3rd period - Shot Misses the Net.
15:33 of 3rd period - Wrist shot by Cam Atkinson.
15:33 of 3rd period - Shot Blocked by Marian Gaborik.
15:52 of 3rd period - Icing by Andrej Sustr.
15:53 of 3rd period - Aleksander Barkov wins face-off versus Evgeny Kuznetsov in Stars zone.
15:54 of 3rd period - Slapshot by Brian McGrattan.
15:54 of 3rd period - Shot Blocked by Boris Valabik.
15:56 of 3rd period - Snap shot by Aleksander Barkov.
15:56 of 3rd period - Stopped by Matt Murray without a rebound.
15:57 of 3rd period - Aleksander Barkov wins face-off versus Cory Emmerton in Stars zone.
16:49 of 3rd period - Snap shot by Evgeny Grachev.
16:49 of 3rd period - Stopped by Thomas McCollum with a rebound.
16:51 of 3rd period - Snap shot by Alex Chiasson.
16:51 of 3rd period - Shot Misses the Net.
16:53 of 3rd period - Backhand shot by Brian Lee.
16:53 of 3rd period - Shot Misses the Net.
17:26 of 3rd period - Minor Penalty to Cam Atkinson for Holding.
17:27 of 3rd period - Guillaume Latendresse wins face-off versus Nazem Kadri in Stars zone.
18:13 of 3rd period - Brian Lee is hit by Anton Stralman and loses puck.
19:24 of 3rd period - Marek Svatos is hit by Evgeny Grachev and loses puck.
19:26 of 3rd period - Penalty to Cam Atkinson is over, Cam Atkinson is back on ice.
19:39 of 3rd period - Tyson Barrie is hit by Brian McGrattan and loses puck.
Goals for this period are 0 for Devils vs 0 for Stars.
Shots for this period are 11 for Devils vs 7 for Stars. Output by the SimonT Hockey Simulator (STHS) for Francois Prevost - Original Page W3C HTML5 Valid
Hockey Simulator - Hockey Simulation - Hockey Manager